Map: Dusk Towers

Players

PuGGy

  • Race: Zerg Zerg
  • League: Master

MCanning - Winner!

  • Race: Protoss Protoss
  • League: Grandmaster

VOD

Have the link to the VOD?

Description

Time

  • Played on: Dec. 20, 2015, 12:30 a.m.
  • Length: 15:53
Show
View Real Time Build Order
Export as new Build Order

PuGGy Zerg 

Build Orders: 3 Hatch before Pool 

Get SALT Encoding   

  12  0:01  Drone  
  13  0:13  Overlord  
  13  0:18  Drone  
  14  0:31  Drone x2  
  14  0:35  Drone  
  17  0:53  Hatchery  
  17  0:56  Drone  
  17  0:59  Drone  
  18  1:09  Drone  
  19  1:21  Hatchery  
  18  1:25  Extractor  
  17  1:38  Spawning Pool  
  17  1:39  Drone  
  17  1:43  Drone  
  17  1:45  Drone  
  19  1:50  Drone  
  20  2:01  Overlord  
  20  2:06  Drone  
  21  2:24  Queen  
  21  2:25  Queen  
  21  2:29  Metabolic Boost  
  25  2:30  Zergling x2  
  25  2:31  Zergling x2  
  25  2:36  Drone  
  25  2:37  Drone  
  29  2:40  Drone  
  30  2:48  Queen  
  32  2:54  Drone  
  32  2:55  Drone  
  32  2:57  Drone  
  35  3:00  Drone x2  
  37  3:05  Overlord  
  37  3:13  Queen  
  37  3:17  Drone x3  
  42  3:24  Overlord  
  42  3:30  Queen  
  44  3:34  Overlord  
  44  3:41  Drone x5  
  48  3:46  Zergling x6  
  50  3:49  Zergling x4  
  50  3:50  Drone  
  53  3:56  Drone x2  
  53  3:57  Drone  
  53  4:01  Drone x2  
  53  4:02  Drone  
  59  4:06  Drone x3  
  62  4:14  Drone x3  
  62  4:15  Drone  
  66  4:23  Spore Crawler  
  65  4:24  Spore Crawler  
  65  4:27  Spore Crawler  
  65  4:28  Drone x3  
  66  4:33  Drone  
  63  4:43  Extractor  
  63  4:44  Extractor  
  61  4:47  Extractor  
  61  4:49  Roach Warren  
  61  4:51  Evolution Chamber  
  58  4:53  Evolution Chamber, Hatchery, Drone x2  
  58  4:54  Drone x7  
  65  5:11  Drone  
  65  5:13  Overlord x3  
  66  5:14  Lair  
  66  5:18  Zerg Ground Armor Level 1, Zerg Melee Weapons Level 1  
  66  5:36  Zergling x20  
  66  5:37  Zergling x8  
  66  5:40  Drone x2  
  82  5:51  Hatchery  
  81  6:00  Roach x4  
  81  6:03  Overlord x3  
  89  6:05  Pneumatized Carapace  
  89  6:08  Roach x3  
  89  6:10  Drone  
  96  6:12  Glial Reconstitution  
  96  6:24  Drone x2  
  98  6:30  Zergling x20  
  108  6:36  Drone x2  
  108  6:39  Infestation Pit  
  108  6:42  Queen  
  108  6:45  Ravager x3  
  108  6:46  Ravager x3  
  116  6:49  Ravager  
  117  7:04  Hydralisk Den  
  110  7:14  Infestation Pit  
  110  7:15  Extractor  
  102  7:22  Overlord x3  
  98  7:23  Overlord  
  98  7:24  Overlord x2  
  98  7:26  Queen  
  98  7:27  Queen x3  
  104  7:31  Zergling x10  
  100  7:46  Zergling x2  
  100  7:47  Zergling x14  
  100  7:48  Zergling x8  
  102  7:53  Zergling x12  
  102  7:54  Zergling x8  
  102  7:58  Muscular Augments  
  106  7:59  Zerg Missile Weapons Level 1  
  106  8:00  Zerg Melee Weapons Level 2, Extractor  
  106  8:04  Drone x4, Spore Crawler  
  105  8:06  Spore Crawler  
  105  8:12  Drone x3  
  105  8:16  Drone x5  
  105  8:22  Hive  
  101  8:34  Hydralisk  
  101  8:35  Hydralisk x4  
  101  8:39  Hydralisk  
  111  8:43  Hydralisk x2  
  115  8:50  Hydralisk x3  
  112  9:05  Overlord, Hydralisk x4  
  114  9:11  Hydralisk x3  
  110  9:19  Spire  
  104  9:24  Hydralisk  
  104  9:25  Hydralisk x2  
  104  9:28  Drone x2  
  105  9:31  Drone x2  
  105  9:36  Drone x3  
  105  9:37  Drone  
  99  9:44  Spore Crawler  
  87  9:58  Adrenal Glands  
  87  10:00  Ultralisk Cavern  
  80  10:11  Drone x3  
  83  10:22  Zergling x12  
  83  10:23  Zergling x14  
  83  10:24  Zergling x6  
  100  10:30  Zergling x2  
  100  10:32  Corruptor x2  
  100  10:33  Corruptor x4  
  112  10:36  Corruptor  
  112  10:39  Drone x2  
  112  10:41  Drone  
  116  10:47  Drone x5  
  116  10:48  Drone  
  114  10:50  Drone x2  
  114  10:51  Drone  
  114  10:54  Extractor x2  
  115  11:03  Zergling x2  
  115  11:04  Zergling x18  
  123  11:10  Zerg Melee Weapons Level 3  
  120  11:12  Zerg Ground Armor Level 2  
  120  11:17  Queen  
  122  11:24  Hatchery  
  121  11:28  Queen  
  121  11:31  Chitinous Plating  
  123  11:40  Ultralisk x2  
  123  11:45  Ultralisk  
  139  11:56  Corruptor x3  
  139  12:15  Viper x2  
  135  12:18  Corruptor  
  137  12:32  Corruptor x2  
  130  12:44  Drone  
  130  12:45  Drone x7  
  135  13:14  Corruptor x3  
  135  13:15  Corruptor x6  
  147  13:20  Zergling x6  
  147  13:26  Hatchery  
  148  13:41  Corruptor  
  150  14:04  Queen  
  150  14:05  Queen x2  
  150  14:06  Queen x2  
  146  14:14  Zergling x6  
  146  14:15  Zergling x18  
  142  14:20  Corruptor x3  
  142  14:21  Corruptor x5  
  146  14:27  Drone x5  
  135  14:40  Queen  
  135  14:41  Queen x2  
  135  14:42  Queen  
  141  14:49  Hatchery  
  141  14:51  Corruptor x5  
  130  15:15  Zergling x24  
  130  15:16  Zergling x2  
  130  15:25  Zergling x10  
Show
View Real Time Build Order
Export as new Build Order

MCanning Protoss - Winner!

Build Orders: Nexus First 

Get SALT Encoding   

  12  0:01  Probe (Chrono Boost)  
  13  0:11  Probe (Chrono Boost)  
  14  0:21  Pylon  
  14  0:22  Probe (Chrono Boost)  
  15  0:39  Probe (Chrono Boost)  
  17  0:50  Probe (Chrono Boost)  
  17  1:00  Nexus  
  17  1:04  Nexus  
  17  1:14  Gateway  
  17  1:17  Probe (Chrono Boost)  
  18  1:28  Probe (Chrono Boost), Assimilator  
  19  1:33  Assimilator  
  19  1:39  Probe (Chrono Boost)  
  20  1:49  Gateway, Probe (Chrono Boost)  
  21  2:00  Probe (Chrono Boost)  
  22  2:05  Cybernetics Core  
  22  2:10  Probe (Chrono Boost)  
  23  2:17  Probe (Chrono Boost)  
  23  2:21  Probe (Chrono Boost)  
  25  2:28  Probe (Chrono Boost)  
  26  2:31  Probe (Chrono Boost)  
  27  2:38  Probe (Chrono Boost)  
  27  2:41  Probe (Chrono Boost), Adept x2 (Chrono Boost)  
  33  2:47  Warp Gate  
  33  2:50  Probe  
  34  2:54  Mothership Core (Chrono Boost)  
  34  2:56  Pylon  
  36  3:02  Probe (Chrono Boost)  
  37  3:13  Probe (Chrono Boost)  
  37  3:14  Probe (Chrono Boost)  
  37  3:17  Stalker, Sentry  
  43  3:24  Probe (Chrono Boost)  
  43  3:25  Probe (Chrono Boost)  
  45  3:34  Probe (Chrono Boost)  
  45  3:39  Nexus  
  46  3:42  Pylon  
  46  3:53  Stargate, Assimilator  
  46  3:57  Assimilator  
  46  4:00  Probe (Chrono Boost)  
  46  4:01  Probe (Chrono Boost), Pylon  
  48  4:11  Probe x2 (Chrono Boost)  
  48  4:14  Pylon  
  50  4:17  Stargate  
  50  4:22  Probe x2 (Chrono Boost)  
  52  4:27  Gateway  
  52  4:32  Probe x2 (Chrono Boost)  
  52  4:36  Gateway  
  54  4:41  Probe (Chrono Boost), Pylon  
  54  4:42  Probe, Phoenix (Chrono Boost)  
  58  4:51  Probe  
  58  4:52  Probe  
  58  4:55  Probe  
  61  5:00  Phoenix (Chrono Boost)  
  61  5:02  Probe  
  61  5:04  Probe, Phoenix (Chrono Boost)  
  61  5:07  Probe  
  68  5:10  Forge  
  68  5:12  Probe  
  69  5:16  Probe  
  70  5:22  Phoenix (Chrono Boost)  
  70  5:26  Phoenix (Chrono Boost)  
  70  5:28  Probe x2  
  75  5:29  Probe  
  77  5:38  Sentry  
  77  5:40  Probe  
  77  5:41  Stalker  
  82  5:44  Probe, Pylon, Phoenix (Chrono Boost)  
  85  5:51  Pylon  
  85  6:00  Probe  
  85  6:02  Probe, Phoenix (Chrono Boost), Twilight Council  
  85  6:03  Probe, Assimilator  
  90  6:06  Phoenix (Chrono Boost)  
  90  6:07  Assimilator  
  90  6:11  Probe  
  92  6:14  Probe  
  92  6:15  Probe  
  95  6:21  Probe  
  95  6:23  Pylon  
  95  6:24  Phoenix (Chrono Boost)  
  95  6:25  Fleet Beacon  
  98  6:26  Probe  
  98  6:27  Probe  
  98  6:32  Probe  
  101  6:42  Probe, Phoenix (Chrono Boost)  
  101  6:43  Resonating Glaives  
  101  6:45  Protoss Ground Weapons Level 1 (Chrono Boost)  
  104  6:48  Probe, Nexus  
  104  6:51  Probe, Pylon  
  104  6:52  Phoenix (Chrono Boost)  
  104  6:53  Pylon  
  108  6:55  Probe  
  109  7:09  Probe x2, Phoenix (Chrono Boost)  
  109  7:13  Probe  
  109  7:14  Phoenix (Chrono Boost)  
  116  7:24  Probe  
  116  7:26  Stalker x3, Photon Cannon  
  116  7:27  Pylon  
  123  7:31  Phoenix (Chrono Boost)  
  123  7:32  Gateway  
  123  7:34  Gateway  
  125  7:38  Pylon  
  123  7:55  Pylon  
  119  8:02  Pylon  
  119  8:03  Pylon  
  119  8:04  Gateway  
  119  8:05  Gateway  
  109  8:06  Phoenix (Chrono Boost)  
  109  8:10  Gateway  
  108  8:13  Pylon  
  108  8:14  Robotics Facility  
  108  8:16  Zealot  
  110  8:21  Zealot x3, Blink  
  110  8:22  Probe  
  117  8:30  Carrier (Chrono Boost)  
  123  8:35  Nexus  
  123  8:37  Pylon  
  123  8:38  Pylon  
  123  8:40  Carrier (Chrono Boost)  
  129  8:46  Probe  
  130  8:48  Dark Shrine  
  130  8:58  Probe  
  129  9:22  Adept x4  
  137  9:25  Photon Cannon  
  124  9:41  Gateway  
  124  9:44  Gateway, Adept x3  
  124  9:45  Adept x2  
  130  9:46  Carrier (Chrono Boost)  
  130  9:52  Adept x2  
  140  9:53  Probe, Protoss Ground Weapons Level 2 (Chrono Boost)  
  140  9:56  Pylon  
  140  9:58  Pylon  
  140  9:59  Pylon  
  141  10:13  Nexus  
  141  10:14  Carrier (Chrono Boost)  
  141  10:15  Pylon  
  141  10:16  Pylon  
  141  10:20  Observer  
  148  10:23  Adept x5  
  158  10:30  Nexus  
  158  10:33  Pylon  
  158  10:47  Adept  
  158  10:48  Adept x6  
  171  11:01  Carrier (Chrono Boost)  
  171  11:09  Observer (Chrono Boost)  
  178  11:11  Adept  
  178  11:14  Pylon  
  178  11:18  Probe, Pylon  
  181  11:19  Pylon, Photon Cannon  
  181  11:20  Pylon  
  181  11:23  Probe, Photon Cannon  
  181  11:24  Probe  
  181  11:25  Assimilator  
  183  11:30  Assimilator  
  183  11:38  Carrier (Chrono Boost)  
  189  11:41  Probe  
  189  11:46  Dark Templar x3  
  196  11:47  Templar Archives  
  196  12:04  Probe  
  196  12:07  Anion Pulse-Crystals (Chrono Boost)  
  191  12:26  Carrier (Chrono Boost)  
  193  12:42  Dark Templar x4  
  193  12:43  Dark Templar x3  
  185  12:53  Probe  
  184  13:04  Carrier (Chrono Boost)  
  190  13:06  Graviton Catapult  
  190  13:11  Nexus  
  190  13:14  Pylon  
  190  13:18  Pylon  
  190  13:21  Pylon  
  190  13:24  Probe  
  191  13:34  Carrier (Chrono Boost)  
  191  13:39  Archon  
  191  13:40  Archon x2  
  191  13:41  Archon  
  189  13:42  Immortal (Chrono Boost)  
  199  13:55  Photon Cannon x2  
  199  13:58  Photon Cannon  
  199  13:59  Probe  
  200  14:06  Stalker x3  
  192  14:12  Stalker x5  
  192  14:13  Stalker  
  192  14:15  Probe  
  183  14:22  Carrier (Chrono Boost)  
  183  14:36  Probe, Observer (Chrono Boost)  
  185  14:46  Zealot x3  
  185  14:47  Probe  
  192  14:54  Photon Cannon  
  192  14:56  Zealot x4, Photon Cannon  
  192  14:57  Photon Cannon  
  192  14:59  Photon Cannon  
  200  15:00  Photon Cannon x2  
  200  15:03  Pylon, Photon Cannon  
  200  15:04  Photon Cannon  
  200  15:06  Assimilator  
  200  15:11  Assimilator  
  200  15:15  Probe  
  183  15:22  Stalker x5  
  183  15:23  Stalker x2  
  183  15:28  Probe  
  191  15:33  Probe  
  193  15:46  Adept  
  193  15:47  Adept x3  
Tags
 
Add a new tag
Caveats
  • Supply blocks, unpowered buildings, or Contaminate may cause inaccurate times.
  • Supply counts are checked every 10 seconds.